 Dungeon Crawl Stone Soup version 0.27-a0-1273-gec92ba881d (webtiles) character file.

Game seed: 4915851291324710896

187 porpoise the Magician (level 5, -4/40 HPs)
             Began as a Djinni Air Elementalist on June 12, 2021.
             Slain by a water moccasin (9 damage)
             ... on level 5 of the Dungeon.
             The game lasted 00:17:06 (4317 turns).

porpoise the Magician (Djinni Air Elementalist)     Turns: 4317, Time: 00:17:06

Health: -4/40      AC:  3    Str:  8    XL:     5   Next: 99%
Gold:   156        EV: 12    Int: 17    God:
                   SH:  0    Dex: 19

rFire    + + .     SeeInvis .   b - +1 hunting sling (freeze)
rCold    x . .     Faith    .   (no shield)
rNeg     . . .     Spirit   .   h - +0 robe
rPois    ∞         Reflect  .   (no helmet)
rElec    .         Harm     .   (no cloak)
rCorr    +         Rampage  .   g - +0 pair of gloves
Will     .....                  (boots unavailable)
Stlth    ++........             (no amulet)
HPRegen  0.13/turn              s - +6 ring of dexterity
MPRegen  0.00/turn              w - ring of resist corrosion

@: flying
A: sickness immunity, fire resistance 2, cold vulnerability 1, float, innate
caster, hp casting, extra vitality 1
a: no special abilities


You were on level 5 of the Dungeon.
You visited 1 branch of the dungeon, and saw 5 of its levels.

You collected 156 gold pieces.

Inventory:

Hand Weapons
 b - a +1 hunting sling of freezing (weapon)
 p - a +2 whip of draining
Missiles
 f - 124 stones (quivered ammo)
 n - 31 poisoned darts
 t - 13 sling bullets
Armour
 g - a +0 pair of gloves (worn)
 h - a +0 robe (worn)
 v - the +1 leather armour "Neru" {rPois Str-2 Int+3}
   (You found it on level 4 of the Dungeon)

   It affects your strength (-2).
   It affects your intelligence (+3).
   It protects you from poison.
Magical Staves
 a - a staff of air
Jewellery
 s - a +6 ring of dexterity (left hand)
 w - a ring of resist corrosion (right hand)
Scrolls
 c - a scroll of teleportation {unknown}
 d - a scroll of enchant armour {unknown}
 e - a scroll of identify {unknown}
 i - 2 scrolls of enchant weapon
 j - a scroll of silence {unknown}
 k - a scroll of noise {unknown}
 o - 2 scrolls of fear {unknown}
 r - 2 scrolls of blinking {unknown}
Potions
 l - a potion of haste {unknown}
 m - 2 potions of attraction {unknown}
 q - a potion of curing {unknown}
 u - a potion of brilliance {unknown}


   Skills:
 + Level 3.5 Fighting
 - Level 2.1 Dodging
 - Level 1.5 Stealth
 + Level 3.7 Spellcasting


You couldn't memorise any spells.
You knew the following spells:

 Your Spells              Type           Power      Damage    Failure   Level
a - Shock                 Conj/Air       64%        1d7       3%          1
b - Lightning Bolt        Conj/Air       8%         1d20      67%         5
d - Static Discharge      Conj/Air       16%        N/A       5%          2
f - Swiftness             Air            16%        N/A       11%         3
r - Airstrike             Air            8%         N/A       34%         4
s - Sting                 Tmut/Pois      64%        1d6       3%          1
w - Slow                  Hex            16%        N/A       5%          2
Your spell library was empty.

Dungeon Overview and Level Annotations

Branches:
Dungeon (5/15)
 Temple: D:4-7

Altars:
Xom

Shops:
D:4 [

Annotations:
D:4 2 transporters, Alvadar's ghost, amateur DEIE


Innate Abilities, Weirdness & Mutations

You are immune to sickness and miasma.
You are immune to poison.
Your flesh is very heat resistant. (rF++)
You are vulnerable to cold. (rC-)
You float through the air rather than walking.
You learn spells naturally, not from books.
Your magical power is your life essence.
You have superior vitality. (+4 HP)


Message History

The water moccasin hisses angrily.
The orc barely misses you.
Casting: Static Discharge (safe; 5% risk of failure)
Confirm with . or Enter, or press ? or * to list all spells.
The orc is struck by an arc of lightning.
The orc is heavily wounded.
You are struck by an arc of lightning.
The lightning grounds out.
The orc completely misses you.
The orc wizard hits you with a +0 dagger.
Casting: Static Discharge (safe; 5% risk of failure)
Confirm with . or Enter, or press ? or * to list all spells.
The orc wizard is struck by an arc of lightning.
The orc wizard is heavily wounded.
You are struck by an arc of lightning.
The lightning grounds out.
The orc wizard hits you with a +0 dagger.
The orc misses you. The water moccasin barely misses you.
Casting: Static Discharge (safe; 5% risk of failure)
Confirm with . or Enter, or press ? or * to list all spells.
The water moccasin is struck by an arc of lightning.
The water moccasin is lightly wounded.
The orc wizard is struck by an arc of lightning!
The orc wizard is almost dead.
The lightning grounds out.
The water moccasin closely misses you.
The orc wizard hits you but does no damage.
The orc hits you with a +0 hand axe.
Casting: Static Discharge (safe; 5% risk of failure)
Confirm with . or Enter, or press ? or * to list all spells.
The water moccasin is struck by an arc of lightning.
The water moccasin is moderately wounded.
You are struck by an arc of lightning.
* * * LOW HITPOINT WARNING * * *
The lightning grounds out.
* * * LOW HITPOINT WARNING * * *
The water moccasin misses you.
The orc wizard hits you with a +0 dagger.
* * * LOW HITPOINT WARNING * * *
The orc hits you with a +0 hand axe.
* * * LOW HITPOINT WARNING * * *
The water moccasin bites you!
You die...

###
...#######
.........#
.........#
.........#
........o###
#...o@...#
#....S)##.#
#......#
.........
.......##
.......
.......
.......


You could see a water moccasin, an orc wizard and an orc.

Vanquished Creatures
  A jelly (D:4)
  2 howler monkey skeletons
  6 adders
  2 worms (D:2)
  3 dart slugs
  7 orcs
  2 ball pythons
  6 bats
  7 endoplasms
  2 giant cockroaches
  7 goblins
  4 hobgoblins
  2 jackals (D:1)
  A quokka (D:3)
  4 frilled lizards
  4 kobolds
  8 rats
68 creatures vanquished.

Vanquished Creatures (others)
  6 plants (D:4)
6 creatures vanquished.

Grand Total: 74 creatures vanquished

Notes
Turn   | Place    | Note
-------+----------+-------------------------------------------
     0 | D:1      | porpoise the Djinni Air Elementalist began the quest for
                  | the Orb.
     0 | D:1      | Reached XP level 1. HP: 15/15 MP: 0/0
   352 | D:1      | Reached XP level 2. HP: 18/22 MP: 0/0
   406 | D:1      | Reached skill level 1 in Fighting
   570 | D:1      | Found a faded altar of an unknown god.
  1214 | D:2      | Reached XP level 3. HP: 18/27 MP: 0/0
  1214 | D:2      | Learned a level 1 spell: Sting
  1426 | D:2      | Found a shimmering altar of Xom.
  2383 | D:2      | Reached XP level 4. HP: 23/33 MP: 0/0
  2957 | D:3      | Reached XP level 5. HP: 33/39 MP: 0/0
  2957 | D:3      | Learned a level 2 spell: Slow
  3511 | D:4      | Found a transporter.
  3512 | D:4      | Noticed Alvadar's ghost (amateur DEIE)
  3528 | D:4      | Found a transporter.
  4070 | D:4      | Found Ubofuc's Antique Armour Boutique.
  4091 | D:4      | Identified the +1 leather armour "Neru" {rPois Str-2 Int+3}
  4195 | D:5      | Entered Level 5 of the Dungeon
  4198 | D:5      | Noticed a water moccasin
  4317 | D:5      | Slain by a water moccasin

Illustrated notes

Levels and vault maps discovered:
D:1:      psy_arrival_fountain, layout_basic,
          shapermc_ecumenical_altar_starsandcircs
D:2:      layout_loops_ring, basic_altar
D:3:      layout_rooms
D:4:      layout_cave_pools, gammafunk_ghost_gnarly_gnolls, serial_shops, shop
D:5:      layout_basic

Skill      XL: |  1  2  3  4  5 |
---------------+----------------+-----
Fighting       | 1 2 3 |  3.5
Spellcasting   | 3 |  3.7
Dodging        | |  2.1
Stealth        | |  1.5

Action                   |  1- 3 |  4- 6 || total
-------------------------+-------+-------++-------
 Fire: Hunting sling     |     1 |    10 ||    11
 Cast: Shock             |    59 |    60 ||   119
       Static Discharge  |     4 |     9 ||    13
       Sting             |    14 |    12 ||    26
  Use: Scroll            |       |     1 ||     1
Armor: Robe              |     5 |     5 ||    10
Dodge: Dodged            |    18 |    13 ||    31

Table legend: (Time is in decaauts)
 A = Elapsed time spent in this place.
 B = Non-inter-level travel time spent in this place.
 C = Inter-level travel time spent in this place.
 D = Time resting spent in this place.
 E = Time spent auto-exploring this place.
 F = Levels seen in this place.
 G = Mean time per level.
                   A        B        C        D        E       F      G
               +--------+--------+--------+--------+--------+-----+--------+
         Total |   4314 |   4203 |    111 |   1692 |   1964 |   5 |  862.8 |
       Dungeon |   4314 |   4203 |    111 |   1692 |   1964 |   5 |  862.8 |
               +--------+--------+--------+--------+--------+-----+--------+

Top non-repeatable levels by time:
     D:2: 1384 daAuts
     D:1: 1180 daAuts
     D:3: 895 daAuts
     D:4: 843 daAuts
     D:5: 10 daAuts
